Knights vs Punishers

Created - 20 mars 2017 at 19:26

Goals
1 2 3 T
Knights 0 1 0 1
Punishers 0 2 1 3
Shots
1 2 3 T
Knights 6 15 6 27
Punishers 8 18 3 29

1st period

No Goal

Penalties :
Mike Sauer (Pro) for Roughing (Minor) at 19:01

2nd period

1. Punishers , Casey Cizikas 17 (Tanner Glass) at 1:44
2. Punishers , Mike Weber 6 (Luke Adam, Ryan Malone) at 3:36 (PP)
3. Knights , Scott Jackson 3 (Michael Stone, Joe Colborne) at 11:41

Penalties :
Jimmy Hayes (Lon) for Hooking (Minor) at 3:24, Zach Trotman (Lon) for Holding (Minor) at 7:24, Jimmy Hayes (Lon) for Tripping (Minor) at 19:45

3rd period

4. Punishers , Mike Weber 7 (Mike Blunden, Luke Adam) at 14:29 (PP)

Penalties :
Jimmy Hayes (Lon) for Tripping (Minor) at 13:39, Jason Zucker (Lon) for Holding Stick (Minor) at 14:54

Goalie Stats

Jeff Glass (Lon), 26 saves from 29 shots - (0,897), L, 13-16-0, 60:00 minutes
Niklas Svedberg (Pro), 26 saves from 27 shots - (0,963), W, 11-8-1, 60:00 minutes

Players Stats for Knights

Player Name              G  A  P  +/- PIM S  H  SB GA TA FO     MP     PP MP  PK MP  
------------------------------------------------------------------------------------
Chris Thorburn           0  0  0   0  0   2  1  1  0  1  0/1    21:15   0:54   0:00 
Cody Bass                0  0  0   0  0   1  4  0  0  0  4/11   13:24   0:00   4:11 
Jared Spurgeon           0  0  0  -1  0   1  0  0  0  0  0/0    20:59   0:55   2:40 
Jason Zucker             0  0  0   0  2   1  1  0  0  0  0/0    16:17   0:54   0:20 
Jimmy Hayes              0  0  0   0  6   2  3  0  0  1  0/0    17:48   1:05   1:12 
Joe Colborne             0  1  1   0  0   4  3  0  0  0  3/7    18:25   1:05   1:46 
Jonathan Huberdeau       0  0  0   0  0   0  0  0  0  0  0/0    12:47   1:05   1:44 
Kevin Hayes              0  0  0   0  0   0  0  0  0  0  0/0     0:19   0:00   0:00 
Linden Vey               0  0  0   0  0   4  3  0  2  0  0/0    12:57   0:00   0:00 
Michael Raffl            0  0  0   0  0   0  2  1  0  0  1/2    19:04   0:00   4:06 
Michael Stone            0  1  1   1  0   0  0  0  0  0  0/0    13:40   0:00   0:00 
Nikita Nikitin           0  0  0   0  0   1  2  2  1  1  0/0    25:21   1:04   4:19 
Ronalds Kenins           0  0  0   0  0   5  4  0  0  0  0/1    11:07   0:00   0:15 
Ryan Nugent-Hopkins      0  0  0   0  0   1  0  0  0  0  5/7    13:33   0:00   0:24 
Scott Jackson            1  0  1   1  0   1  2  0  0  0  0/0    17:26   0:55   2:40 
Tomas Kundratek          0  0  0   0  0   2  1  1  1  0  0/0    25:21   1:04   4:19 
Zach Trotman             0  0  0  -1  2   0  0  0  0  1  0/0    17:19   0:00   0:00 
Zack Hamill              0  0  0   0  0   2  1  0  0  1  13/22  15:54   0:54   0:00 

Players Stats for Punishers

Player Name              G  A  P  +/- PIM S  H  SB GA TA FO     MP     PP MP  PK MP  
------------------------------------------------------------------------------------
Adam McQuaid             0  0  0   0  0   0  2  0  1  0  0/0    19:37   2:30   0:27 
Alex Petrovic            0  0  0   1  0   0  0  0  0  0  0/0    13:58   0:00   0:00 
Boone Jenner             0  0  0   0  0   1  3  0  0  0  3/7    10:59   0:14   0:00 
Casey Cizikas            1  0  1   0  0   3  1  0  0  0  4/5    18:39   3:10   0:00 
Frazer Mclaren           0  0  0   0  0   1  1  0  0  1  0/0    10:03   0:00   0:15 
Luke Adam                0  2  2   0  0   3  1  1  0  0  14/27  18:44   3:35   0:15 
Matt Mackenzie           0  0  0   1  0   0  0  0  0  1  0/0    15:30   0:00   1:32 
Michael Ferland          0  0  0   0  0   0  1  0  0  0  0/0     6:07   0:14   0:00 
Miikka Salomaki          0  0  0   0  0   3  2  0  0  0  0/0    18:34   3:10   0:00 
Mike Blunden             0  1  1   0  0   3  0  0  1  0  0/0    18:25   3:35   0:00 
Mike Sauer               0  0  0  -1  2   0  3  1  0  0  0/0    24:48   4:29   0:00 
Mike Weber               2  0  2  -1  0   2  1  0  1  0  0/0    26:18   4:29   1:32 
Philippe Paradis         0  0  0   0  0   0  1  0  1  0  0/1     9:14   0:14   0:00 
Quinton Howden           0  0  0   0  0   0  0  0  0  0  0/3     9:17   0:00   0:00 
Radek Smolenak           0  0  0   0  0   2  0  0  0  0  0/0    10:36   0:00   0:00 
Ryan Malone              0  1  1   0  0   2  1  0  0  2  4/7    23:15   3:35   1:44 
Simon Despres            0  0  0   0  0   3  1  0  0  0  0/0    19:38   2:30   0:27 
Tanner Glass             0  1  1   0  0   6  1  0  1  0  0/1    24:18   3:10   1:44 

3 Stars

1 - Niklas Svedberg (Pro)
2 - Mike Weber (Pro)
3 - Scott Jackson (Lon)

Power Play

Knights - 0 on 1 Attempt(s) - 0,00%
Punishers - 2 on 5 Attempt(s) - 40,00%

Penalty Kill

Knights - 3 on 5 Attempt(s) - 60,00% - Score 0 goal in Penalty Kill
Punishers - 1 on 1 Attempt(s) - 100,00% - Score 0 goal in Penalty Kill

Team Stat

Knights - Hits : 27 - Faceoff Wins : 26 - Blocked Shots : 5 - Penalty Minutes : 10
Punishers - Hits : 19 - Faceoff Wins : 25 - Blocked Shots : 2 - Penalty Minutes : 2

Official

Referees : Furlatt Eric and McCauley Wes
Linesman : Bryan Pancich and Jonny Murray

Game Notes

No Game Note

Finance

Level 1 -- Attendance: 1513 (75,65%) -- Ticket Income 52 955 $
Level 2 -- Attendance: 681 (68,10%) -- Ticket Income 10 215 $
Total Attendance: 2194 (73,13%)
Total Ticket Income: 63 170 $
Other Income: 3 158 $
Total Income: 66 328 $

Knights

5 vs 5 Forward 
   Center                   Left Wing                Right Wing               Time % Phy DF OF 
 1 Zack Hamill              Jason Zucker             Chris Thorburn           40     1   2  2  
 2 Joe Colborne             Michael Raffl            Jimmy Hayes              30     1   2  2  
 3 Cody Bass                Jonathan Huberdeau       Chris Thorburn           20     1   2  2  
 4 Ryan Nugent-Hopkins      Ronalds Kenins           Linden Vey               10     1   2  2  

5 vs 5 Defense 
   Defense                  Defense                                           Time % Phy DF OF 
 1 Tomas Kundratek          Nikita Nikitin                                    40     1   2  2  
 2 Jared Spurgeon           Zach Trotman                                      30     1   2  2  
 3 Michael Stone            Scott Jackson                                     20     1   2  2  
 4 Tomas Kundratek          Nikita Nikitin                                    10     1   2  2  

PowerPlay Forward 
   Center                   Left Wing                Right Wing               Time % Phy DF OF 
 1 Zack Hamill              Jason Zucker             Chris Thorburn           60     0   0  5  
 2 Joe Colborne             Jonathan Huberdeau       Jimmy Hayes              40     0   0  5  

PowerPlay Defense
   Defense                  Defense                                           Time % Phy DF OF 
 1 Tomas Kundratek          Nikita Nikitin                                    60     0   1  4  
 2 Jared Spurgeon           Scott Jackson                                     40     0   1  4  

Penalty Kill 4 Players Forward 
   Center                   Wing                     Time % Phy DF OF 
 1 Cody Bass                Michael Raffl            60     1   3  1  
 2 Joe Colborne             Jimmy Hayes              40     1   3  1  

Penalty Kill 4 Players Defense
   Defense                  Defense                  Time % Phy DF OF 
 1 Nikita Nikitin           Tomas Kundratek          60     1   4  0  
 2 Scott Jackson            Jared Spurgeon           40     1   4  0  

Penalty Kill - 3 Players Forward 
   Forward                                           Time % Phy DF OF 
 1 Joe Colborne                                      60     0   4  1  
 2 Cody Bass                                         40     0   4  1  

Penalty Kill - 3 Players Defense
   Defense                  Defense                  Time % Phy DF OF 
 1 Nikita Nikitin           Tomas Kundratek          60     0   5  0  
 2 Michael Stone            Zach Trotman             40     0   5  0  

4 vs 4 Forward 
   Center                   Wing                     Time % Phy DF OF 
 1 Zack Hamill              Jason Zucker             60     1   2  2  
 2 Ryan Nugent-Hopkins      Jimmy Hayes              40     1   2  2  

4 vs 4 Defense
   Defense                  Defense                  Time % Phy DF OF 
 1 Tomas Kundratek          Nikita Nikitin           60     1   2  2  
 2 Zach Trotman             Michael Stone            40     1   2  2  

Last Minutes Offensive
   Center                   Left Wing                Right Wing               Defense                  Defense                  
   Zack Hamill              Michael Raffl            Chris Thorburn           Tomas Kundratek          Jared Spurgeon           

Last Minutes Defensive
   Center                   Left Wing                Right Wing               Defense                  Defense                  
   Joe Colborne             Michael Raffl            Jimmy Hayes              Tomas Kundratek          Jared Spurgeon           

Goaltenders
Starting : Jeff Glass               
Backup : Ben Scrivens             

Extra Forwards
Normal : Ryan Nugent-Hopkins, Chris Thorburn, Zack Hamill - PP : Michael Raffl, Jimmy Hayes - PK : Jonathan Huberdeau
Extra Defensemen
Normal : Nikita Nikitin, Tomas Kundratek, Jared Spurgeon - PP : Nikita Nikitin - PK : Scott Jackson, Tomas Kundratek
Penalty Shots
Ryan Nugent-Hopkins, Chris Thorburn, Zack Hamill, Michael Raffl, Jimmy Hayes

Punishers

5 vs 5 Forward 
   Center                   Left Wing                Right Wing               Time % Phy DF OF 
 1 Luke Adam                Ryan Malone              Mike Blunden             40     1   2  2  
 2 Casey Cizikas            Tanner Glass             Miikka Salomaki          30     1   2  2  
 3 Boone Jenner             Frazer Mclaren           Ryan Malone              20     1   2  2  
 4 Quinton Howden           Radek Smolenak           Tanner Glass             10     1   2  2  

5 vs 5 Defense 
   Defense                  Defense                                           Time % Phy DF OF 
 1 Mike Weber               Mike Sauer                                        40     1   2  2  
 2 Adam McQuaid             Simon Despres                                     30     1   2  2  
 3 Alex Petrovic            Matt Mackenzie                                    20     1   2  2  
 4 Mike Weber               Mike Sauer                                        10     1   2  2  

PowerPlay Forward 
   Center                   Left Wing                Right Wing               Time % Phy DF OF 
 1 Luke Adam                Ryan Malone              Mike Blunden             60     1   2  2  
 2 Casey Cizikas            Tanner Glass             Miikka Salomaki          40     1   2  2  

PowerPlay Defense
   Defense                  Defense                                           Time % Phy DF OF 
 1 Mike Weber               Mike Sauer                                        60     1   2  2  
 2 Adam McQuaid             Simon Despres                                     40     1   2  2  

Penalty Kill 4 Players Forward 
   Center                   Wing                     Time % Phy DF OF 
 1 Ryan Malone              Tanner Glass             60     1   2  2  
 2 Frazer Mclaren           Luke Adam                40     1   2  2  

Penalty Kill 4 Players Defense
   Defense                  Defense                  Time % Phy DF OF 
 1 Mike Weber               Mike Sauer               60     1   2  2  
 2 Adam McQuaid             Simon Despres            40     1   2  2  

Penalty Kill - 3 Players Forward 
   Forward                                           Time % Phy DF OF 
 1 Ryan Malone                                       60     1   2  2  
 2 Tanner Glass                                      40     1   2  2  

Penalty Kill - 3 Players Defense
   Defense                  Defense                  Time % Phy DF OF 
 1 Mike Weber               Mike Sauer               60     1   2  2  
 2 Adam McQuaid             Simon Despres            40     1   2  2  

4 vs 4 Forward 
   Center                   Wing                     Time % Phy DF OF 
 1 Ryan Malone              Tanner Glass             60     1   2  2  
 2 Frazer Mclaren           Luke Adam                40     1   2  2  

4 vs 4 Defense
   Defense                  Defense                  Time % Phy DF OF 
 1 Mike Weber               Mike Sauer               60     1   2  2  
 2 Adam McQuaid             Simon Despres            40     1   2  2  

Last Minutes Offensive
   Center                   Left Wing                Right Wing               Defense                  Defense                  
   Luke Adam                Ryan Malone              Mike Blunden             Mike Weber               Mike Sauer               

Last Minutes Defensive
   Center                   Left Wing                Right Wing               Defense                  Defense                  
   Luke Adam                Ryan Malone              Mike Blunden             Mike Weber               Mike Sauer               

Goaltenders
Starting : Niklas Svedberg          
Backup : Kevin Poulin             

Extra Forwards
Normal : Philippe Paradis, Michael Ferland, Radek Smolenak - PP : Philippe Paradis, Michael Ferland - PK : Radek Smolenak
Extra Defensemen
Normal : Alex Petrovic, Matt Mackenzie, Adam McQuaid - PP : Alex Petrovic - PK : Matt Mackenzie, Adam McQuaid
Penalty Shots
Ryan Malone, Tanner Glass, Frazer Mclaren, Luke Adam, Casey Cizikas

% Time on Ice - Knights

Lines # - Real PCT - Wanted PCT - Time Play
Normal Forward
1 - 30% - 40% - 15:13
2 - 31% - 30% - 15:57
3 - 18% - 20% - 9:04
4 - 21% - 10% - 10:48
Normal Defense
1 - 35% - 40% - 18:06
2 - 34% - 30% - 17:24
3 - 27% - 20% - 13:40
4 - 4% - 10% - 1:52
PP Forward
1 - 45% - 60% - 0:54
2 - 55% - 40% - 1:05
PP Defense
1 - 54% - 60% - 1:04
2 - 46% - 40% - 0:55
PK Forward
1 - 75% - 60% - 5:13
2 - 25% - 40% - 1:46
PK Defense
1 - 62% - 60% - 4:19
2 - 38% - 40% - 2:40
PK3 Forward
1 - 0% - 60%
2 - 0% - 40%
PK3 Defense
1 - 0% - 60%
2 - 0% - 40%
44 Forward
1 - 0% - 60%
2 - 0% - 40%
44 Defense
1 - 0% - 60%
2 - 0% - 40%
Last Minute Offensive  - 0:00
Last Minute Defensive  - 0:00
Total
Forward - 60:00
Defense - 60:00

% Time on Ice - Punishers

Lines # - Real PCT - Wanted PCT - Time Play
Normal Forward
1 - 32% - 40% - 16:08
2 - 32% - 30% - 16:14
3 - 19% - 20% - 9:37
4 - 18% - 10% - 9:03
Normal Defense
1 - 37% - 40% - 18:46
2 - 33% - 30% - 16:41
3 - 27% - 20% - 13:58
4 - 3% - 10% - 1:37
PP Forward
1 - 55% - 60% - 3:49
2 - 45% - 40% - 3:10
PP Defense
1 - 64% - 60% - 4:29
2 - 36% - 40% - 2:30
PK Forward
1 - 87% - 60% - 1:44
2 - 13% - 40% - 0:15
PK Defense
1 - 77% - 60% - 1:32
2 - 23% - 40% - 0:27
PK3 Forward
1 - 0% - 60%
2 - 0% - 40%
PK3 Defense
1 - 0% - 60%
2 - 0% - 40%
44 Forward
1 - 0% - 60%
2 - 0% - 40%
44 Defense
1 - 0% - 60%
2 - 0% - 40%
Last Minute Offensive  - 0:00
Last Minute Defensive  - 0:00
Total
Forward - 60:00
Defense - 60:00

Play by Play

1st period


0:01 of 1st period - Zack Hamill wins face-off versus Luke Adam in neutral zone.
0:32 of 1st period - Off-side.
0:33 of 1st period - Cody Bass wins face-off versus Boone Jenner in neutral zone.
0:33 of 1st period - Cody Bass is hit by Frazer Mclaren.
0:37 of 1st period - Slapshot by Cody Bass.
0:37 of 1st period - Stopped by Niklas Svedberg without a rebound.
0:38 of 1st period - Boone Jenner wins face-off versus Cody Bass in Punishers zone.
0:38 of 1st period - Boone Jenner is hit by Cody Bass.
0:48 of 1st period - Snap shot by Frazer Mclaren.
0:48 of 1st period - Stopped by Jeff Glass with a rebound.
0:50 of 1st period - Slapshot by Ryan Malone.
0:50 of 1st period - Shot Misses the Net.
0:52 of 1st period - Snap shot by Boone Jenner.
0:52 of 1st period - Stopped by Jeff Glass with a rebound.
0:54 of 1st period - Slapshot by Alex Petrovic.
0:54 of 1st period - Deflect By Ryan Malone.
0:54 of 1st period - Shot Blocked by Chris Thorburn.
0:54 of 1st period - Puck is out of play.
0:55 of 1st period - Ryan Nugent-Hopkins wins face-off versus Quinton Howden in Knights zone.
0:55 of 1st period - Ryan Nugent-Hopkins is hit by Tanner Glass.
1:09 of 1st period - Snap shot by Linden Vey.
1:09 of 1st period - Stopped by Niklas Svedberg with a rebound.
2:08 of 1st period - Wrist shot by Chris Thorburn.
2:08 of 1st period - Shot Misses the Net.
2:22 of 1st period - Wrist shot by Ronalds Kenins.
2:22 of 1st period - Stopped by Niklas Svedberg without a rebound.
2:23 of 1st period - Ryan Nugent-Hopkins wins face-off versus Luke Adam in Punishers zone.
3:47 of 1st period - Luke Adam is hit by Jimmy Hayes and loses puck.
4:02 of 1st period - Miikka Salomaki is hit by Chris Thorburn and loses puck.
4:41 of 1st period - Wrist shot by Zack Hamill.
4:41 of 1st period - Shot Misses the Net.
5:27 of 1st period - Wrist shot by Zack Hamill.
5:27 of 1st period - Stopped by Niklas Svedberg with a rebound.
6:00 of 1st period - Ryan Nugent-Hopkins is hit by Michael Ferland and loses puck.
6:49 of 1st period - Quinton Howden is hit by Linden Vey and loses puck.
7:39 of 1st period - Boone Jenner is hit by Jimmy Hayes and loses puck.
7:46 of 1st period - Ryan Malone is hit by Joe Colborne and loses puck.
8:09 of 1st period - Alex Petrovic is hit by Linden Vey and loses puck.
8:26 of 1st period - Tomas Kundratek is hit by Adam McQuaid and loses puck.
8:41 of 1st period - Joe Colborne is hit by Adam McQuaid and loses puck.
10:10 of 1st period - Wrist shot by Tanner Glass.
10:10 of 1st period - Stopped by Jeff Glass with a rebound.
10:12 of 1st period - Wrist shot by Alex Petrovic.
10:12 of 1st period - Shot Misses the Net.
11:04 of 1st period - Michael Raffl is hit by Mike Sauer.
11:16 of 1st period - Zach Trotman is hit by Mike Sauer and loses puck.
12:12 of 1st period - Mike Blunden is hit by Michael Raffl and loses puck.
13:32 of 1st period - Icing by Miikka Salomaki.
13:33 of 1st period - Ryan Nugent-Hopkins wins face-off versus Boone Jenner in Punishers zone.
15:05 of 1st period - Michael Stone is hit by Miikka Salomaki and loses puck.
15:18 of 1st period - Slapshot by Tanner Glass.
15:18 of 1st period - Deflect By Scott Jackson.
15:18 of 1st period - Stopped by Jeff Glass without a rebound.
15:19 of 1st period - Zack Hamill wins face-off versus Luke Adam in Knights zone.
17:16 of 1st period - Icing by Alex Petrovic.
17:17 of 1st period - Ryan Nugent-Hopkins wins face-off versus Casey Cizikas in Punishers zone.
17:26 of 1st period - Snap shot by Linden Vey.
17:26 of 1st period - Stopped by Niklas Svedberg with a rebound.
17:42 of 1st period - Wrist shot by Ryan Malone.
17:42 of 1st period - Stopped by Jeff Glass without a rebound.
17:43 of 1st period - Joe Colborne wins face-off versus Luke Adam in Knights zone.
17:54 of 1st period - Slapshot by Adam McQuaid.
17:54 of 1st period - Deflect By Mike Blunden.
17:54 of 1st period - Stopped by Jeff Glass without a rebound.
17:55 of 1st period - Zack Hamill wins face-off versus Luke Adam in Knights zone.
18:05 of 1st period - Wrist shot by Mike Blunden.
18:05 of 1st period - Stopped by Jeff Glass without a rebound.
18:06 of 1st period - Luke Adam wins face-off versus Zack Hamill in Knights zone.
18:19 of 1st period - Snap shot by Luke Adam.
18:19 of 1st period - Stopped by Jeff Glass with a rebound.
18:21 of 1st period - Snap shot by Luke Adam.
18:21 of 1st period - Shot Misses the Net.
18:33 of 1st period - Icing by Mike Weber.
18:34 of 1st period - Casey Cizikas wins face-off versus Joe Colborne in Punishers zone.
18:50 of 1st period - Off-side.
18:51 of 1st period - Luke Adam wins face-off versus Zack Hamill in neutral zone.
19:01 of 1st period - Minor Penalty to Mike Sauer for Roughing.
19:02 of 1st period - Ryan Malone wins face-off versus Zack Hamill in Punishers zone.
19:34 of 1st period - Snap shot by Joe Colborne.
19:34 of 1st period - Stopped by Niklas Svedberg without a rebound.
19:35 of 1st period - Joe Colborne wins face-off versus Ryan Malone in Punishers zone.
Goals for this period are 0 for Knights vs 0 for Punishers.
Shots for this period are 6 for Knights vs 8 for Punishers.

2nd period


0:01 of 2nd period - Ryan Malone wins face-off versus Zack Hamill in neutral zone.
1:01 of 2nd period - Penalty to Mike Sauer is over, Mike Sauer is back on ice.
1:19 of 2nd period - Snap shot by Linden Vey.
1:19 of 2nd period - Stopped by Niklas Svedberg without a rebound.
1:20 of 2nd period - Luke Adam wins face-off versus Zack Hamill in Punishers zone.
1:44 of 2nd period - Snap shot by Casey Cizikas.
1:44 of 2nd period - Goal by Casey Cizikas - Knights : 0 - Punishers : 1.
1:45 of 2nd period - Luke Adam wins face-off versus Chris Thorburn in neutral zone.
2:10 of 2nd period - Mike Weber is hit by Joe Colborne and loses puck.
2:29 of 2nd period - Backhand shot by Tomas Kundratek.
2:29 of 2nd period - Stopped by Niklas Svedberg with a rebound.
3:07 of 2nd period - Snap shot by Jason Zucker.
3:07 of 2nd period - Stopped by Niklas Svedberg with a rebound.
3:09 of 2nd period - Slapshot by Chris Thorburn.
3:09 of 2nd period - Shot Misses the Net.
3:24 of 2nd period - Minor Penalty to Jimmy Hayes for Hooking.
3:25 of 2nd period - Luke Adam wins face-off versus Cody Bass in Knights zone.
3:28 of 2nd period - Snap shot by Luke Adam.
3:28 of 2nd period - Deflect By Jared Spurgeon.
3:28 of 2nd period - Shot Blocked by Michael Raffl.
3:28 of 2nd period - Puck is out of play.
3:29 of 2nd period - Ryan Malone wins face-off versus Michael Raffl in Knights zone.
3:32 of 2nd period - Snap shot by Luke Adam.
3:32 of 2nd period - Shot Misses the Net.
3:34 of 2nd period - Snap shot by Ryan Malone.
3:34 of 2nd period - Deflect By Luke Adam.
3:34 of 2nd period - Stopped by Jeff Glass with a rebound.
3:36 of 2nd period - Slapshot by Mike Weber.
3:36 of 2nd period - Goal by Mike Weber - Knights : 0 - Punishers : 2.
3:37 of 2nd period - Zack Hamill wins face-off versus Ryan Malone in neutral zone.
4:08 of 2nd period - Off-side.
4:09 of 2nd period - Zack Hamill wins face-off versus Luke Adam in neutral zone.
4:41 of 2nd period - Wrist shot by Jimmy Hayes.
4:41 of 2nd period - Stopped by Niklas Svedberg with a rebound.
5:00 of 2nd period - Wrist shot by Casey Cizikas.
5:00 of 2nd period - Shot Misses the Net.
5:02 of 2nd period - Snap shot by Tanner Glass.
5:02 of 2nd period - Deflect By Nikita Nikitin.
5:02 of 2nd period - Stopped by Jeff Glass with a rebound.
5:12 of 2nd period - Snap shot by Casey Cizikas.
5:12 of 2nd period - Shot Misses the Net.
5:14 of 2nd period - Backhand shot by Simon Despres.
5:14 of 2nd period - Shot Blocked by Tomas Kundratek.
5:16 of 2nd period - Snap shot by Tanner Glass.
5:16 of 2nd period - Shot Blocked by Nikita Nikitin.
5:18 of 2nd period - Slapshot by Simon Despres.
5:18 of 2nd period - Stopped by Jeff Glass with a rebound.
5:20 of 2nd period - Wrist shot by Simon Despres.
5:20 of 2nd period - Stopped by Jeff Glass with a rebound.
5:22 of 2nd period - Snap shot by Miikka Salomaki.
5:22 of 2nd period - Stopped by Jeff Glass without a rebound.
5:23 of 2nd period - Luke Adam wins face-off versus Joe Colborne in Knights zone.
5:28 of 2nd period - Wrist shot by Luke Adam.
5:28 of 2nd period - Stopped by Jeff Glass without a rebound.
5:29 of 2nd period - Joe Colborne wins face-off versus Ryan Malone in Knights zone.
5:29 of 2nd period - Joe Colborne is hit by Luke Adam.
5:39 of 2nd period - Wrist shot by Jimmy Hayes.
5:39 of 2nd period - Stopped by Niklas Svedberg without a rebound.
5:40 of 2nd period - Luke Adam wins face-off versus Zack Hamill in Punishers zone.
6:05 of 2nd period - Casey Cizikas is hit by Nikita Nikitin and loses puck.
6:30 of 2nd period - Snap shot by Ronalds Kenins.
6:30 of 2nd period - Stopped by Niklas Svedberg with a rebound.
6:32 of 2nd period - Wrist shot by Ronalds Kenins.
6:32 of 2nd period - Shot Misses the Net.
6:34 of 2nd period - Slapshot by Tomas Kundratek.
6:34 of 2nd period - Stopped by Niklas Svedberg with a rebound.
6:46 of 2nd period - Snap shot by Radek Smolenak.
6:46 of 2nd period - Stopped by Jeff Glass with a rebound.
6:50 of 2nd period - Snap shot by Tanner Glass.
6:50 of 2nd period - Stopped by Jeff Glass without a rebound.
6:51 of 2nd period - Zack Hamill wins face-off versus Quinton Howden in Knights zone.
6:51 of 2nd period - Zack Hamill is hit by Mike Weber.
7:24 of 2nd period - Minor Penalty to Zach Trotman for Holding.
7:25 of 2nd period - Luke Adam wins face-off versus Cody Bass in Knights zone.
7:59 of 2nd period - Slapshot by Adam McQuaid.
7:59 of 2nd period - Shot Misses the Net.
8:33 of 2nd period - Mike Sauer is hit by Scott Jackson and loses puck.
9:16 of 2nd period - Simon Despres is hit by Scott Jackson and loses puck.
9:24 of 2nd period - Penalty to Zach Trotman is over, Zach Trotman is back on ice.
9:25 of 2nd period - Zach Trotman is hit by Boone Jenner and loses puck.
9:38 of 2nd period - Snap shot by Chris Thorburn.
9:38 of 2nd period - Stopped by Niklas Svedberg with a rebound.
9:40 of 2nd period - Snap shot by Chris Thorburn.
9:40 of 2nd period - Stopped by Niklas Svedberg without a rebound.
9:41 of 2nd period - Zack Hamill wins face-off versus Boone Jenner in Punishers zone.
10:06 of 2nd period - Matt Mackenzie is hit by Jimmy Hayes and loses puck.
11:03 of 2nd period - Wrist shot by Linden Vey.
11:03 of 2nd period - Shot Misses the Net.
11:05 of 2nd period - Slapshot by Linden Vey.
11:05 of 2nd period - Shot Misses the Net.
11:07 of 2nd period - Snap shot by Ronalds Kenins.
11:07 of 2nd period - Stopped by Niklas Svedberg without a rebound.
11:08 of 2nd period - Zack Hamill wins face-off versus Philippe Paradis in Punishers zone.
11:37 of 2nd period - Snap shot by Joe Colborne.
11:37 of 2nd period - Stopped by Niklas Svedberg with a rebound.
11:39 of 2nd period - Wrist shot by Michael Stone.
11:39 of 2nd period - Shot Misses the Net.
11:41 of 2nd period - Slapshot by Scott Jackson.
11:41 of 2nd period - Goal by Scott Jackson - Knights : 1 - Punishers : 2.
11:42 of 2nd period - Zack Hamill wins face-off versus Luke Adam in neutral zone.
11:47 of 2nd period - Slapshot by Zack Hamill.
11:47 of 2nd period - Stopped by Niklas Svedberg with a rebound.
11:50 of 2nd period - Icing by Mike Sauer.
11:51 of 2nd period - Zack Hamill wins face-off versus Luke Adam in Punishers zone.
11:57 of 2nd period - Off-side.
11:58 of 2nd period - Luke Adam wins face-off versus Zack Hamill in neutral zone.
12:03 of 2nd period - Wrist shot by Ryan Malone.
12:03 of 2nd period - Stopped by Jeff Glass with a rebound.
13:04 of 2nd period - Tanner Glass is hit by Ronalds Kenins and loses puck.
13:25 of 2nd period - Wrist shot by Joe Colborne.
13:25 of 2nd period - Stopped by Niklas Svedberg with a rebound.
13:33 of 2nd period - Wrist shot by Radek Smolenak.
13:33 of 2nd period - Stopped by Jeff Glass without a rebound.
13:34 of 2nd period - Zack Hamill wins face-off versus Luke Adam in Knights zone.
13:46 of 2nd period - Slapshot by Zach Trotman.
13:46 of 2nd period - Shot Blocked by Luke Adam.
14:00 of 2nd period - Jimmy Hayes is hit by Boone Jenner and loses puck.
15:17 of 2nd period - Icing by Zach Trotman.
15:18 of 2nd period - Casey Cizikas wins face-off versus Ronalds Kenins in Knights zone.
15:19 of 2nd period - Wrist shot by Tanner Glass.
15:19 of 2nd period - Stopped by Jeff Glass with a rebound.
15:25 of 2nd period - Slapshot by Casey Cizikas.
15:25 of 2nd period - Deflect By Linden Vey.
15:25 of 2nd period - Stopped by Jeff Glass with a rebound.
15:27 of 2nd period - Snap shot by Miikka Salomaki.
15:27 of 2nd period - Stopped by Jeff Glass without a rebound.
15:28 of 2nd period - Zack Hamill wins face-off versus Luke Adam in Knights zone.
15:28 of 2nd period - Zack Hamill is hit by Mike Sauer.
15:40 of 2nd period - Wrist shot by Luke Adam.
15:40 of 2nd period - Shot Misses the Net.
15:42 of 2nd period - Wrist shot by Mike Blunden.
15:42 of 2nd period - Stopped by Jeff Glass with a rebound.
16:02 of 2nd period - Wrist shot by Michael Raffl.
16:02 of 2nd period - Shot Misses the Net.
16:39 of 2nd period - Slapshot by Jared Spurgeon.
16:39 of 2nd period - Stopped by Niklas Svedberg without a rebound.
16:40 of 2nd period - Zack Hamill wins face-off versus Quinton Howden in Punishers zone.
17:37 of 2nd period - Icing by Michael Stone.
17:38 of 2nd period - Boone Jenner wins face-off versus Ryan Nugent-Hopkins in Knights zone.
18:00 of 2nd period - Off-side.
18:01 of 2nd period - Casey Cizikas wins face-off versus Zack Hamill in neutral zone.
18:50 of 2nd period - Miikka Salomaki is hit by Cody Bass.
19:16 of 2nd period - Snap shot by Tanner Glass.
19:16 of 2nd period - Deflect By Miikka Salomaki.
19:16 of 2nd period - Stopped by Jeff Glass with a rebound.
19:36 of 2nd period - Wrist shot by Casey Cizikas.
19:36 of 2nd period - Deflect By Tanner Glass.
19:36 of 2nd period - Stopped by Jeff Glass with a rebound.
19:38 of 2nd period - Slapshot by Tanner Glass.
19:38 of 2nd period - Deflect By Casey Cizikas.
19:38 of 2nd period - Shot Misses the Net.
19:38 of 2nd period - Puck is out of play.
19:39 of 2nd period - Luke Adam wins face-off versus Joe Colborne in Knights zone.
19:45 of 2nd period - Minor Penalty to Jimmy Hayes for Tripping.
19:46 of 2nd period - Cody Bass wins face-off versus Luke Adam in Knights zone.
Goals for this period are 1 for Knights vs 2 for Punishers.
Shots for this period are 15 for Knights vs 18 for Punishers.

3rd period


0:01 of 3rd period - Luke Adam wins face-off versus Cody Bass in neutral zone.
0:08 of 3rd period - Slapshot by Nikita Nikitin.
0:08 of 3rd period - Deflect By Mike Sauer.
0:08 of 3rd period - Stopped by Niklas Svedberg with a rebound.
0:36 of 3rd period - Wrist shot by Joe Colborne.
0:36 of 3rd period - Shot Misses the Net.
0:38 of 3rd period - Wrist shot by Joe Colborne.
0:38 of 3rd period - Shot Blocked by Mike Sauer.
0:40 of 3rd period - Snap shot by Jonathan Huberdeau.
0:40 of 3rd period - Shot Misses the Net.
1:45 of 3rd period - Penalty to Jimmy Hayes is over, Jimmy Hayes is back on ice.
1:45 of 3rd period - Tanner Glass is hit by Joe Colborne and loses puck.
2:10 of 3rd period - Slapshot by Ronalds Kenins.
2:10 of 3rd period - Stopped by Niklas Svedberg with a rebound.
2:12 of 3rd period - Wrist shot by Ronalds Kenins.
2:12 of 3rd period - Shot Misses the Net.
2:54 of 3rd period - Frazer Mclaren is hit by Ronalds Kenins.
2:55 of 3rd period - Icing by Frazer Mclaren.
2:56 of 3rd period - Boone Jenner wins face-off versus Ryan Nugent-Hopkins in Punishers zone.
3:03 of 3rd period - Mike Weber is hit by Linden Vey and loses puck.
4:04 of 3rd period - Wrist shot by Tanner Glass.
4:04 of 3rd period - Shot Misses the Net.
4:18 of 3rd period - Wrist shot by Ronalds Kenins.
4:18 of 3rd period - Deflect By Linden Vey.
4:18 of 3rd period - Stopped by Niklas Svedberg without a rebound.
4:19 of 3rd period - Ryan Nugent-Hopkins wins face-off versus Boone Jenner in Punishers zone.
4:20 of 3rd period - Snap shot by Ronalds Kenins.
4:20 of 3rd period - Stopped by Niklas Svedberg with a rebound.
4:42 of 3rd period - Chris Thorburn is hit by Casey Cizikas and loses puck.
5:29 of 3rd period - Cody Bass is hit by Boone Jenner and loses puck.
5:38 of 3rd period - Frazer Mclaren is hit by Cody Bass and loses puck.
6:14 of 3rd period - Radek Smolenak is hit by Tomas Kundratek and loses puck.
6:36 of 3rd period - Ryan Nugent-Hopkins is hit by Miikka Salomaki and loses puck.
7:27 of 3rd period - Scott Jackson is hit by Simon Despres and loses puck.
7:32 of 3rd period - Snap shot by Luke Adam.
7:32 of 3rd period - Shot Misses the Net.
7:42 of 3rd period - Casey Cizikas is hit by Michael Raffl and loses puck.
7:47 of 3rd period - Slapshot by Joe Colborne.
7:47 of 3rd period - Stopped by Niklas Svedberg without a rebound.
7:48 of 3rd period - Luke Adam wins face-off versus Joe Colborne in Punishers zone.
7:48 of 3rd period - Luke Adam is hit by Nikita Nikitin.
8:14 of 3rd period - Mike Sauer is hit by Ronalds Kenins and loses puck.
8:21 of 3rd period - Wrist shot by Ryan Nugent-Hopkins.
8:21 of 3rd period - Stopped by Niklas Svedberg with a rebound.
9:23 of 3rd period - Mike Weber is hit by Zack Hamill and loses puck.
12:27 of 3rd period - Jimmy Hayes is hit by Philippe Paradis and loses puck.
12:42 of 3rd period - Philippe Paradis is hit by Ronalds Kenins.
12:58 of 3rd period - Adam McQuaid is hit by Jason Zucker.
13:39 of 3rd period - Minor Penalty to Jimmy Hayes for Tripping.
13:40 of 3rd period - Ryan Malone wins face-off versus Cody Bass in Knights zone.
13:56 of 3rd period - Icing by Miikka Salomaki.
13:57 of 3rd period - Cody Bass wins face-off versus Tanner Glass in Punishers zone.
13:58 of 3rd period - Snap shot by Michael Raffl.
13:58 of 3rd period - Shot Misses the Net.
14:01 of 3rd period - Icing by Miikka Salomaki.
14:02 of 3rd period - Casey Cizikas wins face-off versus Cody Bass in Punishers zone.
14:21 of 3rd period - Wrist shot by Casey Cizikas.
14:21 of 3rd period - Shot Misses the Net.
14:23 of 3rd period - Slapshot by Simon Despres.
14:23 of 3rd period - Stopped by Jeff Glass without a rebound.
14:24 of 3rd period - Luke Adam wins face-off versus Cody Bass in Knights zone.
14:25 of 3rd period - Snap shot by Mike Blunden.
14:25 of 3rd period - Shot Blocked by Nikita Nikitin.
14:27 of 3rd period - Snap shot by Mike Blunden.
14:27 of 3rd period - Shot Misses the Net.
14:29 of 3rd period - Slapshot by Mike Weber.
14:29 of 3rd period - Goal by Mike Weber - Knights : 1 - Punishers : 3.
14:30 of 3rd period - Luke Adam wins face-off versus Zack Hamill in neutral zone.
14:33 of 3rd period - Zack Hamill is hit by Ryan Malone and loses puck.
14:54 of 3rd period - Minor Penalty to Jason Zucker for Holding Stick.
14:55 of 3rd period - Michael Raffl wins face-off versus Luke Adam in Knights zone.
15:26 of 3rd period - Miikka Salomaki is hit by Cody Bass and loses puck.
16:08 of 3rd period - Wrist shot by Tanner Glass.
16:08 of 3rd period - Shot Misses the Net.
16:10 of 3rd period - Slapshot by Mike Weber.
16:10 of 3rd period - Shot Misses the Net.
16:12 of 3rd period - Wrist shot by Casey Cizikas.
16:12 of 3rd period - Stopped by Jeff Glass without a rebound.
16:13 of 3rd period - Cody Bass wins face-off versus Luke Adam in Knights zone.
16:54 of 3rd period - Penalty to Jason Zucker is over, Jason Zucker is back on ice.
Goals for this period are 0 for Knights vs 1 for Punishers.
Shots for this period are 6 for Knights vs 3 for Punishers.